 Dungeon Crawl Stone Soup version 0.31-a0-142-g31f6795574 (webtiles) character file.

Game seed: 3294152591506579021

94 mopl the Slasher (level 4, 0/26 HPs)
             Began as a Tengu Warper on June 3, 2023.
             Slain by a ball python (2 damage)
             ... on level 3 of the Dungeon.
             The game lasted 00:02:33 (1663 turns).

mopl the Slasher (Tengu Warper)                     Turns: 1663, Time: 00:02:33

Health: 0/26       AC:  3    Str: 13    XL:     4   Next: 63%
Magic:  9/9        EV:  9    Int: 14    God:
Gold:   107        SH:  0    Dex: 13    Spells: 1/8 levels left

rFire   . . .        a - +0 falchion
rCold   . . .        (no shield)
rNeg    . . .        b - +0 leather armour
rPois   .            (helmet restricted)
rElec   .            (no cloak)
rCorr   .            (no gloves)
SInv    .            (boots unavailable)
Will    .....        (no amulet)
Stlth   +            l - ring of wizardry
HPRegen 0.24/turn    (no ring)
MPRegen 0.11/turn

%: wizardry (x1)
@: constricted
A: beak, talons 3
a: no special abilities


You were on level 3 of the Dungeon.
You visited 1 branch of the dungeon, and saw 3 of its levels.

You collected 107 gold pieces.

Inventory:

Hand Weapons
 a - a +0 falchion (weapon)
Missiles
 d - 7 boomerangs of dispersal (quivered)
Armour
 b - a +0 leather armour (worn)
Jewellery
 l - a ring of wizardry (left hand)
Scrolls
 c - 2 scrolls of blinking
 g - a scroll of noise {unknown}
 h - a scroll of immolation {unknown}
 i - a scroll of silence {unknown}
 j - a scroll of teleportation {unknown}
 k - 3 scrolls of identify {unknown}
 n - a scroll of amnesia {unknown}
 p - a scroll of enchant weapon {unknown}
Potions
 e - 3 potions of might {unknown}
 f - 2 potions of curing {unknown}
 m - 3 potions of brilliance {unknown}
 o - a potion of enlightenment {unknown}
 q - a potion of degeneration {unknown}
 r - a potion of attraction {unknown}


   Skills:
 - Level 2.0 Fighting
 + Level 3.4 Long Blades
 - Level 1.0 Throwing
 - Level 1.1 Armour
 - Level 2.1 Dodging
 + Level 2.9 Spellcasting
 + Level 3.1 Translocations
 + Level 1.1 Air Magic


You had one spell level left.
You knew the following spells:

 Your Spells              Type           Power      Damage    Failure   Level
a - Vhi's Electric Charg  Tloc/Air       14%        N/A       14%         3
b - Lesser Beckoning      Tloc           20%        N/A       4%          2
e - Blink                 Tloc           20%        N/A       4%          2

Your spell library contained the following spells:

 Spells                   Type           Power      Damage    Failure   Level
 Teleport Other           Tloc           10%        N/A       9%          3
 Manifold Assault         Tloc           10%        N/A       28%         4


Dungeon Overview and Level Annotations

Branches:
Dungeon (3/15)

Altars:
Xom

Annotations:
D:2 1 runed translucent door, Crazy Yiuf


Innate Abilities, Weirdness & Mutations

You have a beak for a mouth.
You have claws for feet.


Message History

The orc wizard barely misses you.
You miss the orc wizard.
The orc wizard is moderately wounded.
The orc wizard barely misses you.
You hit the orc wizard but do no damage.
Your peck misses the orc wizard.
The orc wizard is moderately wounded.
The orc wizard hits you with a +0 dagger.
You hit the orc wizard.
The orc wizard is moderately wounded.
A ball python comes into view.
The orc wizard hits you with a +0 dagger.
* * * LOW HITPOINT WARNING * * *
You closely miss the orc wizard.
The ball python hisses angrily.
You peck the orc wizard, but do no damage.
The orc wizard is moderately wounded.
The orc wizard hits you but does no damage.
You hit the orc wizard. Your kick misses the orc wizard.
The orc wizard is severely wounded.
The orc wizard barely misses you.
You hit the orc wizard. You claw the orc wizard.
The orc wizard is almost dead.
The orc wizard gestures wildly while chanting.
The orc wizard flickers and vanishes!
Deactivating autopickup; reactivate with Ctrl-A.
The ball python closely misses you. The ball python grabs you.
The ball python constricts you.
* * * LOW HITPOINT WARNING * * *
You hit something.
Reactivating autopickup.
You feel a bit more experienced. The ball python bites you.
* * * LOW HITPOINT WARNING * * *
The ball python constricts you.
* * * LOW HITPOINT WARNING * * *
The ball python closely misses you. The ball python constricts you.
Your Air Magic skill increases to level 1!
Unknown command.
You barely miss the ball python. The ball python bites you.
You die...

## #. .# #. .#
#.##+#.# ##......#
.......# #)S...#####
#.@........
#..†.#####
#######'############
...[........<.......
...................#
.................#.#
........########.#
........# #
....#####


You could see a ball python.

Vanquished Creatures
  An orc wizard (D:3)
  2 worms (D:2)
  2 dart slugs (D:2)
  An orc (D:3)
  5 bats
  6 endoplasms
  6 giant cockroaches
  6 goblins (D:1)
  4 hobgoblins
  2 kobolds (D:2)
  2 quokkas
  8 ball pythons
  3 frilled lizards
  4 rats
52 creatures vanquished.

Notes
Turn   | Place    | Note
-------+----------+-------------------------------------------
     0 | D:1      | mopl the Tengu Warper began the quest for the Orb.
     0 | D:1      | Reached XP level 1. HP: 12/12 MP: 4/4
   131 | D:1      | Reached XP level 2. HP: 17/17 MP: 6/6
   338 | D:1      | Reached XP level 3. HP: 7/21 MP: 7/7
   404 | D:1      | Learned a level 2 spell: Blink
   407 | D:1      | Learned a level 2 spell: Lesser Beckoning
   777 | D:2      | Reached skill level 3 in Long Blades
  1006 | D:2      | Reached skill level 3 in Translocations
  1128 | D:2      | Found a shimmering altar of Xom.
  1133 | D:2      | Reached XP level 4. HP: 23/26 MP: 9/9
  1137 | D:2      | Learned a level 3 spell: Vhi's Electric Charge
  1343 | D:2      | Found a faded altar of an unknown god.
  1445 | D:2      | Found a runed translucent door.
  1446 | D:2      | Noticed Crazy Yiuf
  1662 | D:3      | HP: 1/26 [constriction (1)]
  1663 | D:3      | Reached skill level 1 in Air Magic
  1663 | D:3      | Slain by a ball python

Illustrated notes

Levels and vault maps discovered:
D:1:      lightli_arrival_chessboard, layout_basic
D:2:      minmay_door_path, layout_loops_ring, basic_altar,
          shapermc_ecumenical_altar_notcrosses, uniq_crazy_yiuf_cottage
D:3:      layout_basic, gammafunk_ghost_grave, st_stairs_10, nrook_uturn

Skill      XL: |  1  2  3  4 |
---------------+-------------+-----
Long Blades    | 3 |  3.4
Translocations | 3 |  3.1
Air Magic      | 1 |  1.1
Fighting       | |  2.0
Throwing       | |  1.0
Armour         | |  1.1
Dodging        | |  2.1
Spellcasting   | |  2.9

Action                     |  1- 3 |  4- 6 || total
---------------------------+-------+-------++-------
  Melee: Falchion          |    93 |    33 ||   126
         Kick              |    16 |     9 ||    25
         Peck              |    12 |     6 ||    18
   Stab: Sleeping          |     1 |       ||     1
 Armour: Leather armour    |    28 |     4 ||    32
  Dodge: Dodged            |    62 |    14 ||    76

Table legend: (Time is in decaauts)
 A = Elapsed time spent in this place.
 B = Non-inter-level travel time spent in this place.
 C = Inter-level travel time spent in this place.
 D = Time resting spent in this place.
 E = Time spent auto-exploring this place.
 F = Levels seen in this place.
 G = Mean time per level.
                   A        B        C        D        E       F      G
               +--------+--------+--------+--------+--------+-----+--------+
         Total |   1682 |   1633 |     49 |     60 |   1251 |   3 |  560.7 |
       Dungeon |   1682 |   1633 |     49 |     60 |   1251 |   3 |  560.7 |
               +--------+--------+--------+--------+--------+-----+--------+

Top non-repeatable levels by time:
     D:2: 887 daAuts
     D:1: 766 daAuts
     D:3: 28 daAuts
